| TOP OF THE 1ST |
|
Madison Brewers batting - Pitching for Amarillo ThunderHeads : RHP John Carbonneau
|
|
Pitching: RHP John Carbonneau
|
|
|
Batting: RHB Malcolm McCauley
|
0-0: Foul Ball, location: 2F 0-1: Ground out 4-3 (Groundball, 4, EV 85.0 MPH)
|
|
Batting: LHB Jesus Huante
|
0-0: Ball 1-0: Ball 2-0: Called Strike 2-1: Foul Ball, location: 2F 2-2: Strikes out swinging, 2-3 out at first.
|
|
Batting: RHB Mario Lopez
|
0-0: Swinging Strike 0-1: Foul Ball, location: 2F 0-2: Ball 1-2: Ball 2-2: Ground out 4-3 (Groundball, 4MS, EV 65.6 MPH)
|
| Top of the 1st over - 0 runs, 0 hits, 0 errors, 0 left on base; Madison 0 - Amarillo 0 |
| BOTTOM OF THE 1ST |
|
Amarillo ThunderHeads batting - Pitching for Madison Brewers : LHP Dusty Bryant
|
|
Pitching: LHP Dusty Bryant
|
|
|
Batting: SHB Zack Barton
|
0-0: Swinging Strike 0-1: Ball 1-1: Foul Ball, location: 2F 1-2: Ball 2-2: Ball 3-2: SINGLE (Groundball, 6MS, EV 71.9 MPH) (infield hit)
|
|
Batting: RHB Ron Squires
|
0-0: Ball Zack Barton steals 2nd base (no throw) 1-0: Foul Ball, location: 2F 1-1: Foul Ball, location: 2F 1-2: Strikes out swinging
|
|
Batting: RHB Jerry Foster
|
0-0: Ball 1-0: SINGLE (Flyball, 78S, EV 91.9 MPH) Zack Barton to third Runner from 3rd tries for Home, SAFE, throw by LF to home
|
|
Batting: RHB Elias Sagrero
|
0-0: Called Strike 0-1: Called Strike 0-2: Ball 1-2: Fly out, F8 (Line Drive, 8RS, EV 98.8 MPH)
|
|
Batting: RHB Eric Camillo
|
0-0: Called Strike 0-1: Ball 1-1: 2-RUN HOME RUN (Flyball, 9LD, EV 93.8 MPH), Distance : 345 ft
|
|
Batting: LHB Santino Pisanello
|
0-0: SOLO HOME RUN (Flyball, 9LD, EV 87.5 MPH), Distance : 327 ft
|
|
Batting: SHB Tyler Romo
|
0-0: Called Strike 0-1: Ground out 3-1 (Groundball, 13, EV 86.2 MPH)
|
| Bottom of the 1st over - 4 runs, 4 hits, 0 errors, 0 left on base; Madison 0 - Amarillo 4 |
| TOP OF THE 2ND |
|
Madison Brewers batting - Pitching for Amarillo ThunderHeads : RHP John Carbonneau
|
|
Batting: SHB Justin Hensley
|
0-0: Ball 1-0: Ball 2-0: Called Strike 2-1: Ground out 4-3 (Groundball, 4MS, EV 70.6 MPH)
|
|
Batting: LHB John Fortin
|
0-0: SINGLE (Groundball, 6MD, EV 98.1 MPH)
|
|
Batting: RHB Manny Olave
|
0-0: Called Strike 0-1: Ball 1-1: Called Strike 1-2: Strikes out swinging
|
|
Batting: RHB Tony Beaumond
|
0-0: Called Strike 0-1: Ball 1-1: Ball 2-1: Ball 3-1: Swinging Strike 3-2: Base on Balls John Fortin to second
|
|
Batting: RHB Mohammed bin Ubaida
|
0-0: Ball 1-0: Ball 2-0: Swinging Strike 2-1: Foul Ball, location: 2F 2-2: Ball 3-2: SINGLE (Flyball, 89S, EV 100.6 MPH) John Fortin to third Tony Beaumond to second John Fortin scores Tony Beaumond to third
|
|
Batting: RHB Lorenzo Diaz
|
0-0: Called Strike 0-1: Foul Ball, location: 2F 0-2: SINGLE (Groundball, 6M, EV 110.0 MPH) Tony Beaumond scores Mohammed bin Ubaida to second
|
|
Batting: RHB Malcolm McCauley
|
0-0: Swinging Strike 0-1: Foul Ball, location: 2F 0-2: Ball 1-2: Foul Ball, location: 2F 1-2: Foul Ball, location: 2F 1-2: Strikes out looking
|
| Top of the 2nd over - 2 runs, 3 hits, 0 errors, 2 left on base; Madison 2 - Amarillo 4 |
| BOTTOM OF THE 2ND |
|
Amarillo ThunderHeads batting - Pitching for Madison Brewers : LHP Dusty Bryant
|
|
Batting: RHB Eric Juarez
|
0-0: Ball 1-0: Ground out 5-3 (Groundball, 5, EV 104.4 MPH)
|
|
Batting: RHB Sam Voss
|
0-0: Called Strike 0-1: SOLO HOME RUN (Flyball, 78XD, EV 98.8 MPH), Distance : 406 ft
|
|
Batting: SHB Zack Barton
|
0-0: Foul Ball, location: 2F 0-1: Ball 1-1: Called Strike 1-2: Ground out 5-3 (Groundball, 56S, EV 70.0 MPH)
|
|
Batting: RHB Ron Squires
|
0-0: Ball 1-0: Fly out, F8 (Flyball, 8RXD, EV 93.1 MPH)
|
| Bottom of the 2nd over - 1 run, 1 hit, 0 errors, 0 left on base; Madison 2 - Amarillo 5 |
| TOP OF THE 3RD |
|
Madison Brewers batting - Pitching for Amarillo ThunderHeads : RHP John Carbonneau
|
|
Batting: LHB Jesus Huante
|
0-0: Called Strike 0-1: Foul Ball, location: 2F 0-2: Foul Ball, location: 2F 0-2: Strikes out swinging
|
|
Batting: RHB Mario Lopez
|
0-0: Called Strike 0-1: Ball 1-1: Fly out, F7 (Line Drive, 7S, EV 101.9 MPH)
|
|
Batting: SHB Justin Hensley
|
0-0: Foul Ball, location: 2F 0-1: Ball 1-1: Ball 2-1: Swinging Strike 2-2: Ball 3-2: DOUBLE (Groundball, 3L, EV 100.0 MPH)
|
|
Batting: LHB John Fortin
|
0-0: Ball 1-0: Called Strike 1-1: Foul Ball, location: 2F 1-2: Ball 2-2: Ball 3-2: Foul Ball, location: 2F 3-2: DOUBLE (Flyball, 78D, EV 108.8 MPH) Justin Hensley scores
|
|
Batting: RHB Manny Olave
|
0-0: Ball 1-0: Ball 2-0: Foul Ball, location: 2F 2-1: Ball 3-1: Base on Balls
|
|
Batting: RHB Tony Beaumond
|
0-0: Called Strike 0-1: Ball 1-1: Ball 2-1: Foul Ball, location: 2F 2-2: Foul Ball, location: 2F 2-2: Fielders Choice at 2nd, 5-4 (Groundball, 5, EV 93.1 MPH)
|
| Top of the 3rd over - 1 run, 2 hits, 0 errors, 2 left on base; Madison 3 - Amarillo 5 |
| BOTTOM OF THE 3RD |
|
Amarillo ThunderHeads batting - Pitching for Madison Brewers : LHP Dusty Bryant
|
|
Batting: RHB Jerry Foster
|
0-0: Called Strike 0-1: Swinging Strike 0-2: Ball 1-2: Foul Ball, location: 2F 1-2: SOLO HOME RUN (Flyball, 7D, EV 95.6 MPH), Distance : 370 ft
|
|
Batting: RHB Elias Sagrero
|
0-0: Ball 1-0: Foul Ball, location: 2RF, Error on foul ball, E2 1-1: Ball 2-1: Ball 3-1: Base on Balls
|
|
Batting: RHB Eric Camillo
|
0-0: Ball 1-0: Ball 2-0: Ball 3-0: Base on Balls Elias Sagrero to second
|
|
Batting: LHB Santino Pisanello
|
0-0: Ball 1-0: Swinging Strike 1-1: Ball 2-1: Foul Ball, location: 2F 2-2: Hit by Pitch Elias Sagrero to third Eric Camillo to second
|
|
Batting: SHB Tyler Romo
|
0-0: Foul Ball, location: 2F 0-1: Ball 1-1: Swinging Strike 1-2: Hit by Pitch Elias Sagrero scores Eric Camillo to third Santino Pisanello to second
|
|
Batting: RHB Eric Juarez
|
0-0: Ball 1-0: Ball 2-0: Called Strike 2-1: Ball 3-1: Foul Ball, location: 2F 3-2: Foul Ball, location: 2F 3-2: DOUBLE (Flyball, 89XD, EV 103.8 MPH) Eric Camillo scores Santino Pisanello scores Tyler Romo to third
|
|
Pitching: RHP Troy Morin
|
|
|
Batting: RHB Sam Voss
|
0-0: Ball 1-0: Called Strike 1-1: Fly out, F9 (Line Drive, 9S, EV 99.4 MPH) Runner from 3rd tags up, SCORES, throw by RF Eric Juarez to third
|
|
Batting: SHB Zack Barton
|
0-0: Ground out U3 (Groundball, 13, EV 81.9 MPH) Eric Juarez scores
|
|
Batting: RHB Ron Squires
|
0-0: Called Strike 0-1: Hit by Pitch
|
|
Batting: RHB Jerry Foster
|
0-0: Ball 1-0: Foul Ball, location: 2F 1-1: Swinging Strike 1-2: Foul Ball, location: 2F 1-2: Ball 2-2: Foul Ball, location: 2F 2-2: Ball 3-2: SINGLE (Line Drive, 56, EV 96.2 MPH) Ron Squires to second Ron Squires to third
|
|
Batting: RHB Elias Sagrero
|
0-0: Foul Ball, location: 2F 0-1: Fielders Choice at 2nd, 6-4 (Groundball, 6, EV 86.9 MPH)
|
| Bottom of the 3rd over - 6 runs, 3 hits, 1 error, 2 left on base; Madison 3 - Amarillo 11 |
| TOP OF THE 4TH |
|
Madison Brewers batting - Pitching for Amarillo ThunderHeads : RHP John Carbonneau
|
|
Batting: RHB Mohammed bin Ubaida
|
0-0: Ball 1-0: Swinging Strike 1-1: SOLO HOME RUN (Flyball, 7D, EV 96.2 MPH), Distance : 375 ft
|
|
Batting: RHB Lorenzo Diaz
|
0-0: Called Strike 0-1: Ball 1-1: Called Strike 1-2: Strikes out swinging, 2-3 out at first.
|
|
Batting: RHB Malcolm McCauley
|
0-0: Ball 1-0: Called Strike 1-1: Swinging Strike 1-2: Ball 2-2: Strikes out looking
|
|
Batting: LHB Jesus Huante
|
0-0: Called Strike 0-1: Ball 1-1: Ball 2-1: Ground out 6-3 (Groundball, 6M, EV 88.8 MPH)
|
| Top of the 4th over - 1 run, 1 hit, 0 errors, 0 left on base; Madison 4 - Amarillo 11 |
| BOTTOM OF THE 4TH |
|
Amarillo ThunderHeads batting - Pitching for Madison Brewers : RHP Troy Morin
|
|
Batting: RHB Eric Camillo
|
0-0: Fly out, F8 (Flyball, 8LD, EV 95.6 MPH)
|
|
Batting: LHB Santino Pisanello
|
0-0: Fly out, F8 (Line Drive, 8LM, EV 96.2 MPH)
|
|
Batting: SHB Tyler Romo
|
0-0: Ball 1-0: Ball 2-0: Swinging Strike 2-1: Called Strike 2-2: Ball 3-2: Base on Balls
|
|
Batting: RHB Eric Juarez
|
0-0: Called Strike 0-1: Ball 1-1: Ball 2-1: Foul Ball, location: 2F 2-2: Ball 3-2: Base on Balls Tyler Romo to second
|
|
Batting: RHB Sam Voss
|
0-0: Ball 1-0: Fly out, F7 (Line Drive, 78M, EV 95.0 MPH)
|
| Bottom of the 4th over - 0 runs, 0 hits, 0 errors, 2 left on base; Madison 4 - Amarillo 11 |
| TOP OF THE 5TH |
|
Madison Brewers batting - Pitching for Amarillo ThunderHeads : RHP John Carbonneau
|
|
Batting: RHB Mario Lopez
|
0-0: Foul Ball, location: 2F 0-1: Ball 1-1: Ball 2-1: Ball 3-1: DOUBLE (Line Drive, 5D, EV 106.9 MPH)
|
|
Pitching: RHP Antonio Ayala
|
|
|
Batting: SHB Justin Hensley
|
0-0: Ball 1-0: Called Strike 1-1: Ground out U3 (Groundball, 3, EV 78.8 MPH) Mario Lopez to third
|
|
Batting: LHB John Fortin
|
0-0: Swinging Strike Passed Ball! Mario Lopez scores 0-1: Ball 1-1: Ball 2-1: Ball 3-1: Fly out, F8 (Flyball, 8LM, EV 86.2 MPH)
|
|
Batting: RHB Manny Olave
|
0-0: Ball 1-0: Ball 2-0: Called Strike 2-1: Ball 3-1: Base on Balls
|
|
Batting: RHB Tony Beaumond
|
0-0: Called Strike 0-1: Ball 1-1: Swinging Strike 1-2: Ball 2-2: Foul Ball, location: 2F 2-2: Foul Ball, location: 2F 2-2: Ball 3-2: Strikes out swinging
|
| Top of the 5th over - 1 run, 1 hit, 0 errors, 1 left on base; Madison 5 - Amarillo 11 |
| BOTTOM OF THE 5TH |
|
Amarillo ThunderHeads batting - Pitching for Madison Brewers : RHP Troy Morin
|
|
Batting: SHB Zack Barton
|
0-0: Ball 1-0: Ball 2-0: Ball 3-0: Called Strike 3-1: Ground out 5-3 (Groundball, 5L, EV 82.5 MPH)
|
|
Batting: RHB Ron Squires
|
0-0: Ball 1-0: Called Strike 1-1: Foul Ball, location: 2F 1-2: SINGLE (Line Drive, 8RS, EV 98.1 MPH)
|
|
Batting: RHB Jerry Foster
|
0-0: Ball Ron Squires steals 2nd base 1-0: 2-RUN HOME RUN (Flyball, 78XD, EV 101.2 MPH), Distance : 398 ft
|
|
Batting: RHB Elias Sagrero
|
0-0: Ball 1-0: Foul Ball, location: 2F 1-1: Ball 2-1: Ball 3-1: Base on Balls
|
|
Batting: RHB Eric Camillo
|
0-0: Ball Elias Sagrero steals 2nd, throwing error, E2 Elias Sagrero to third 1-0: Swinging Strike 1-1: Called Strike 1-2: Ground out 6-3 (Groundball, 6, EV 80.6 MPH) Elias Sagrero scores
|
|
Batting: LHB Santino Pisanello
|
0-0: Ball 1-0: Called Strike 1-1: Ball 2-1: Ball 3-1: Base on Balls
|
|
Batting: SHB Tyler Romo
|
0-0: Ball 1-0: Called Strike 1-1: Ball 2-1: Swinging Strike 2-2: Foul Ball, location: 2F 2-2: Foul Ball, location: 2F 2-2: SINGLE (Line Drive, 7S, EV 88.8 MPH) Santino Pisanello to second
|
|
Pitching: RHP Justin Marino
|
|
|
Batting: RHB Eric Juarez
|
0-0: Ball 1-0: Ball 2-0: Called Strike 2-1: Foul Ball, location: 2F 2-2: Ball 3-2: SINGLE (Groundball, 6MD, EV 111.2 MPH) Santino Pisanello to third Tyler Romo to second Santino Pisanello scores Tyler Romo to third
|
|
Batting: RHB Sam Voss
|
0-0: Foul Ball, location: 2F 0-1: Ball 1-1: Called Strike 1-2: Fly out, F8 (Flyball, 8LXD, EV 102.5 MPH)
|
| Bottom of the 5th over - 4 runs, 4 hits, 1 error, 2 left on base; Madison 5 - Amarillo 15 |
| TOP OF THE 6TH |
|
Madison Brewers batting - Pitching for Amarillo ThunderHeads : RHP Antonio Ayala
|
|
Batting: RHB Mohammed bin Ubaida
|
0-0: Ball 1-0: Foul Ball, location: 2F 1-1: Called Strike 1-2: Ball 2-2: Ball 3-2: Foul Ball, location: 2F 3-2: Foul Ball, location: 2F 3-2: Ground out 6-3 (Groundball, 6, EV 102.5 MPH)
|
|
Batting: RHB Lorenzo Diaz
|
0-0: Called Strike 0-1: Foul Ball, location: 2F 0-2: Ball 1-2: Ball 2-2: Ball 3-2: Base on Balls
|
|
Pinch Hitting: LHB Alex Chairez
|
0-0: Ball 1-0: Ball 2-0: Called Strike 2-1: Swinging Strike 2-2: Foul Ball, location: 2F 2-2: Ball 3-2: Base on Balls Lorenzo Diaz to second
|
|
Pitching: RHP Erik Myers
|
|
|
Batting: LHB Jesus Huante
|
0-0: Ball 1-0: Ball 2-0: Called Strike 2-1: Ball 3-1: Base on Balls Lorenzo Diaz to third Alex Chairez to second
|
|
Batting: RHB Mario Lopez
|
0-0: Called Strike 0-1: SINGLE (Line Drive, 8RS, EV 92.5 MPH) Lorenzo Diaz scores Alex Chairez to third Jesus Huante to second Runner from 3rd tries for Home, throw by CF and OUT! 8-2
|
|
Batting: SHB Justin Hensley
|
0-0: Foul Ball, location: 2F 0-1: Ball 1-1: Ball 2-1: Foul Ball, location: 2F 2-2: Ball 3-2: Foul Ball, location: 2F 3-2: Base on Balls Jesus Huante to third Mario Lopez to second
|
|
Batting: LHB John Fortin
|
0-0: Ball 1-0: Ball 2-0: Foul Ball, location: 2F 2-1: GRAND SLAM HOME RUN (Flyball, 89XD, EV 95.0 MPH), Distance : 382 ft
|
|
Pitching: LHP Matt Hawk
|
|
|
Batting: RHB Manny Olave
|
0-0: Called Strike 0-1: Swinging Strike 0-2: Foul Ball, location: 2F 0-2: Foul Ball, location: 2F 0-2: Foul Ball, location: 2F 0-2: Ball 1-2: Strikes out looking
|
| Top of the 6th over - 5 runs, 2 hits, 0 errors, 0 left on base; Madison 10 - Amarillo 15 |
| BOTTOM OF THE 6TH |
|
Amarillo ThunderHeads batting - Pitching for Madison Brewers : RHP Justin Marino
|
|
Now in CF: Todd Massad
|
|
|
Batting: SHB Zack Barton
|
0-0: Ball 1-0: Ground out 4-3 (Groundball, 34, EV 81.9 MPH)
|
|
Batting: RHB Ron Squires
|
0-0: Ball 1-0: Fly out, F3 (Line Drive, 34, EV 65.6 MPH)
|
|
Batting: RHB Jerry Foster
|
0-0: Called Strike 0-1: Ball 1-1: Called Strike 1-2: Foul Ball, location: 2F 1-2: Ball 2-2: Ball 3-2: Base on Balls
|
|
Batting: RHB Elias Sagrero
|
0-0: Ball 1-0: Ball Jerry Foster steals 2nd base 2-0: Ball 3-0: Foul Ball, location: 2F 3-1: Base on Balls
|
|
Batting: RHB Eric Camillo
|
0-0: Called Strike 0-1: Ball 1-1: Swinging Strike Balk! Jerry Foster to third Elias Sagrero to second 1-2: Ball 2-2: Foul Ball, location: 2F 2-2: Foul Ball, location: 2F 2-2: Ball 3-2: Foul Ball, location: 2F Balk! Jerry Foster scores Elias Sagrero to third 3-2: Fly out, F8 (Flyball, 8RD, EV 100.6 MPH)
|
| Bottom of the 6th over - 1 run, 0 hits, 0 errors, 1 left on base; Madison 10 - Amarillo 16 |
| TOP OF THE 7TH |
|
Madison Brewers batting - Pitching for Amarillo ThunderHeads : LHP Matt Hawk
|
|
Batting: RHB Tony Beaumond
|
0-0: Ground out 6-3 (Groundball, 6S, EV 90.0 MPH)
|
|
Batting: RHB Mohammed bin Ubaida
|
0-0: Ball 1-0: Foul Ball, location: 2F 1-1: Ball 2-1: Foul Ball, location: 2F 2-2: Foul Ball, location: 2F 2-2: Ball 3-2: Base on Balls
|
|
Batting: RHB Lorenzo Diaz
|
0-0: Ball 1-0: Swinging Strike 1-1: Swinging Strike 1-2: Strikes out swinging
|
|
Batting: RHB Todd Massad
|
0-0: Fielders Choice at 2nd, 6-4 (Groundball, 6, EV 93.8 MPH)
|
| Top of the 7th over - 0 runs, 0 hits, 0 errors, 1 left on base; Madison 10 - Amarillo 16 |
| BOTTOM OF THE 7TH |
|
Amarillo ThunderHeads batting - Pitching for Madison Brewers : RHP Justin Marino
|
|
Batting: LHB Santino Pisanello
|
0-0: Ball 1-0: Foul Ball, location: 2F 1-1: TRIPLE (Line Drive, 9D, EV 106.2 MPH)
|
|
Batting: SHB Tyler Romo
|
0-0: Ball 1-0: Ball Wild Pitch! Santino Pisanello scores 2-0: Called Strike 2-1: Ball 3-1: Foul Ball, location: 2F 3-2: Base on Balls
|
|
Batting: RHB Eric Juarez
|
0-0: Called Strike 0-1: Foul Ball, location: 2F 0-2: DOUBLE (Line Drive, 7LS, EV 114.4 MPH) Tyler Romo to third
|
|
Batting: RHB Sam Voss
|
0-0: Called Strike 0-1: SINGLE (Groundball, 34D, EV 102.5 MPH) Tyler Romo scores Eric Juarez to third Runner from 3rd tries for Home, SAFE, throw by RF to home
|
|
Batting: SHB Zack Barton
|
0-0: Called Strike 0-1: Ball 1-1: Called Strike 1-2: Fly out, F5 (Popup, 56S, EV 82.5 MPH)
|
|
Batting: RHB Ron Squires
|
0-0: Fielders Choice at 2nd, 4-6 (Groundball, 4S, EV 83.8 MPH)
|
|
Batting: RHB Jerry Foster
|
0-0: Ball 1-0: Swinging Strike 1-1: Foul Ball, location: 2F 1-2: Ball 2-2: Ball 3-2: Base on Balls Ron Squires to second
|
|
Pinch Hitting: RHB Josh Shoemaker
|
0-0: Ball 1-0: Swinging Strike 1-1: Foul Ball, location: 2F 1-2: Foul Ball, location: 2F 1-2: Ball 2-2: Ball 3-2: Fly out, F7 (Flyball, 7S, EV 92.5 MPH)
|
| Bottom of the 7th over - 3 runs, 3 hits, 0 errors, 2 left on base; Madison 10 - Amarillo 19 |
| TOP OF THE 8TH |
|
Madison Brewers batting - Pitching for Amarillo ThunderHeads : LHP Matt Hawk
|
|
Now at 3B: Josh Shoemaker
|
|
|
Batting: LHB Jesus Huante
|
0-0: Ball 1-0: Called Strike 1-1: Ball 2-1: Swinging Strike 2-2: Ball 3-2: Strikes out looking
|
|
Batting: RHB Mario Lopez
|
0-0: Ball 1-0: Foul Ball, location: 2F 1-1: Called Strike 1-2: Strikes out looking
|
|
Batting: SHB Justin Hensley
|
0-0: Ball 1-0: Ball 2-0: Called Strike 2-1: Foul Ball, location: 2F 2-2: Ball 3-2: Ground out 3-1 (Groundball, 34, EV 106.9 MPH)
|
| Top of the 8th over - 0 runs, 0 hits, 0 errors, 0 left on base; Madison 10 - Amarillo 19 |
| BOTTOM OF THE 8TH |
|
Amarillo ThunderHeads batting - Pitching for Madison Brewers : RHP Justin Marino
|
|
Pitching: RHP Austin Sweetman
|
|
|
Batting: RHB Eric Camillo
|
0-0: Ball 1-0: Ball 2-0: Ball 3-0: Called Strike 3-1: Called Strike 3-2: SINGLE (Flyball, 78S, EV 94.4 MPH)
|
|
Batting: LHB Santino Pisanello
|
0-0: Ball 1-0: Foul Ball, location: 2F 1-1: SINGLE (Line Drive, 6D, EV 97.5 MPH) Eric Camillo to second
|
|
Batting: SHB Tyler Romo
|
0-0: Called Strike 0-1: Ball Wild Pitch! Eric Camillo to third Santino Pisanello to second 1-1: Fly out, F8 (Line Drive, 8RD, EV 89.4 MPH) Runner from 3rd tags up, SCORES, throw by CF
|
|
Batting: RHB Eric Juarez
|
0-0: Foul Ball, location: 2F 0-1: SINGLE (Line Drive, 78S, EV 111.9 MPH) Santino Pisanello to third Runner from 3rd tries for Home, throw by LF and OUT! 7-2
|
|
Batting: RHB Sam Voss
|
0-0: Ball 1-0: Called Strike 1-1: Fly out, F7 (Flyball, 78D, EV 78.8 MPH)
|
| Bottom of the 8th over - 1 run, 3 hits, 0 errors, 1 left on base; Madison 10 - Amarillo 20 |
| TOP OF THE 9TH |
|
Madison Brewers batting - Pitching for Amarillo ThunderHeads : LHP Matt Hawk
|
|
Batting: LHB John Fortin
|
0-0: Ball 1-0: Ground out 6-3 (Groundball, 6, EV 80.6 MPH)
|
|
Batting: RHB Manny Olave
|
0-0: Called Strike 0-1: Foul Ball, location: 2F 0-2: Ground out 5-3 (Groundball, 56, EV 96.9 MPH)
|
|
Pitching: RHP Jorge Burruel
|
|
|
Batting: RHB Tony Beaumond
|
0-0: Called Strike 0-1: Foul Ball, location: 2F 0-2: Ball 1-2: Ball 2-2: SINGLE (Line Drive, 9LM, EV 103.8 MPH)
|
|
Batting: RHB Mohammed bin Ubaida
|
0-0: Fly out, F8 (Flyball, 8LD, EV 91.2 MPH)
|
| Top of the 9th over - 0 runs, 1 hit, 0 errors, 1 left on base; Madison 10 - Amarillo 20 |
|